 Dungeon Crawl Stone Soup version 0.31-a0-455-g1a7b003ef0 (webtiles) character file.

Game seed: 3642860471297495888

4 Ofeo the Digger (level 1, 18/18 HPs)
             Began as a Demonspawn Wanderer on Aug 3, 2023.
             Quit the game on level 1 of the Dungeon.
             The game lasted 00:00:24 (98 turns).

Ofeo the Digger (Demonspawn Wanderer)                 Turns: 98, Time: 00:00:25

Health: 18/18      AC:  6    Str: 12    XL:     1   Next: 58%
Magic:  2/2        EV:  9    Int: 12    God:
Gold:   0          SH:  0    Dex: 13    Spells: 1/2 levels left

rFire   . . .        a - +0 dagger
rCold   . . .        (no shield)
rNeg    . . .        b - +0 scale mail
rPois   .            (no helmet)
rElec   .            (no cloak)
rCorr   .            (no gloves)
SInv    .            (no boots)
Will    .....        (no amulet) Stlth
                     (no ring)
HPRegen 0.23/turn    (no ring)
MPRegen 0.08/turn

%: no passive effects
@: no status effects
A: no striking features
a: no special abilities


You were on level 1 of the Dungeon.
You visited 1 branch of the dungeon, and saw 1 of its levels.

Inventory:

Hand Weapons
 a - a +0 dagger (weapon)
Armour
 b - a +0 scale mail (worn)
Scrolls
 c - a scroll of teleportation {@r3}
 d - a scroll of fog


   Skills:
 + Level 3.1 Fighting
 + Level 1.1 Armour
 + Level 1.1 Dodging
 - Level 1.0 Spellcasting
 - Level 3.6 Earth Magic


You had one spell level left.
You knew the following spells:

 Your Spells              Type           Power      Damage    Failure   Level
a - Sandblast             Erth           18%        2d7       36%         1

Your spell library contained the following spells:

 Spells                   Type           Power      Damage    Failure   Level
 Stone Arrow              Conj/Erth      8%         3d7       93%         3
 Leda's Liquefaction      Hex/Erth       2%         N/A       100%        4


Dungeon Overview and Level Annotations

Branches:
Dungeon (1/15)

Altars:


Message History

A bat is nearby!
A bat is nearby!
A bat is nearby!
You hit the bat.
The bat is moderately wounded.
The bat hits you. x2; The bat hits you but does no damage.
You take 2 damage, and have 16/18 hp.
You hit the bat.
The bat is severely wounded.
The bat hits you but does no damage.
You closely miss the bat.
The bat is severely wounded.
The bat closely misses you.
You hit the bat.
You kill the bat!
No target in view!
No target in view!
No target in view!
No target in view!
No target in view!
No target in view!
A bat comes into view.
The bat hits you but does no damage.
You see here a bat corpse.
Health restored: 18 A bat is nearby!
A bat is nearby!
You hit the bat.
You kill the bat!
A bat comes into view.
The bat barely misses you.
A bat is nearby!
You hit the bat but do no damage. The bat closely misses you.
A bat is nearby!
You hit the bat.
The bat is severely wounded.
The bat hits you but does no damage. The bat closely misses you.
Are you sure you want to abandon this character and quit the game? (Confirm with "yes".)
Okay, then.
Are you sure you want to abandon this character and quit the game? (Confirm with "yes".)

.~~~..~...######
≈~~.~~.~~.†.###
≈≈.≈≈~~≈~.†#..#
~~~.~≈≈≈≈~..##.#
..<.~≈≈≈≈.##.###
~.~.~≈~~~~.##.##
~~.~≈~..≈~..#..###
~.≈~≈≈≈...~.##...##
..≈~~~.##....#..@.#
........#..###.##b#
##.###.#.#.†#### .#
..# ######...# ..
#### .## .# ##


You could see a bat.

Vanquished Creatures
  2 bats (D:1)
  A goblin (D:1)
  2 rats (D:1)
5 creatures vanquished.

Notes
Turn   | Place    | Note
-------+----------+-------------------------------------------
     0 | D:1      | Ofeo the Demonspawn Wanderer began the quest for the Orb.
     0 | D:1      | Ofeo set off with the following items: a +0 dagger, a +0
                  | scale mail, a scroll of teleportation {@r3}, a scroll of
                  | fog; and the following spell memorised: Sandblast; and the
                  | following spells available to memorise: Stone Arrow, Leda's
                  | Liquefaction.
     0 | D:1      | Reached XP level 1. HP: 18/18 MP: 2/2
    98 | D:1      | Quit the game

Illustrated notes

Levels and vault maps discovered:
D:1:      dpeg_arrival_subterranean_lakeside_camping, layout_basic,
          nicolae_ecumenical_snake_handling, minmay_fountain_box,
          grunt_decor_mini_mirrors

Action                     || total
---------------------------++-------
  Melee: Dagger            ||    24
         Punch             ||     1
 Armour: Scale mail        ||    13
  Dodge: Dodged            ||    14

Table legend: (Time is in decaauts)
 A = Elapsed time spent in this place.
 B = Non-inter-level travel time spent in this place.
 C = Inter-level travel time spent in this place.
 D = Time resting spent in this place.
 E = Time spent auto-exploring this place.
 F = Levels seen in this place.
 G = Mean time per level.
                   A        B        C        D        E       F      G
               +--------+--------+--------+--------+--------+-----+--------+
         Total |    101 |    101 |      0 |      0 |     59 |   1 |  101.0 |
       Dungeon |    101 |    101 |      0 |      0 |     59 |   1 |  101.0 |
               +--------+--------+--------+--------+--------+-----+--------+

Top non-repeatable levels by time:
     D:1: 101 daAuts
